 Dungeon Crawl Stone Soup version 0.24.0-13-gcf9b319 (webtiles) character file.

Game seed: 9831520799023425462, levelgen mode: deterministic

85 Fang the Skirmisher (level 4, 0/43 HPs)
             Began as a Gargoyle Berserker on Nov 18, 2019.
             Was a Believer of Trog.
             Killed by divine providence
             ... invoked by an orc priest
              (16 damage)
             ... on level 3 of the Dungeon.
             The game lasted 00:01:20 (1957 turns).

Fang the Skirmisher (Gargoyle Berserker)            Turns: 1957, Time: 00:01:21

Health: 0/43       AC:  5    Str: 27    XL:     4   Next: 48%
Magic:  4/4        EV: 12    Int:  7    God:    Trog [**....]
Gold:   120        SH:  0    Dex:  9    Spells: 3/3 levels left

rFire    . . .     SeeInvis .   a - +0 hand axe
rCold    . . .     Gourm    .   (no shield)
rNeg     + . .     Faith    .   b - +0 animal skin
rPois    ∞         Spirit   .   (no helmet)
rElec    +         Reflect  .   (no cloak)
rCorr    .         Harm     .   (no gloves)
MR       ++...                  (no boots)
Stlth    ..........             (no amulet)
HPRegen  1.14/turn              (no ring)
MPRegen  0.09/turn              (no ring)

@: berserking, regenerating, very quick
A: negative energy resistance 1, electricity resistance, unbreathing,
petrification resistance, rot immunity, AC +3
a: Berserk, Trog's Hand, Renounce Religion


You were on level 3 of the Dungeon.
You worshipped Trog.
Trog was pleased with you.
You were hungry.

You visited 1 branch of the dungeon, and saw 3 of its levels.

You collected 120 gold pieces.

Inventory:

Hand Weapons
 a - a +0 hand axe (weapon)
Armour
 b - a +0 animal skin (worn)
Scrolls
 e - 5 scrolls of identify {unknown}
 i - a scroll of remove curse {unknown}
Potions
 d - a potion of agility {unknown}
 f - a potion of resistance {unknown}
 g - 2 potions of magic {unknown}
 h - a potion of haste {unknown}
 j - 2 potions of berserk rage {unknown}
 l - a potion of curing {unknown}
 m - a potion of invisibility {unknown}
Comestibles
 c - 3 rations
 k - 2 chunks of flesh


   Skills:
 + Level 4.0 Fighting
 + Level 3.2 Axes
 + Level 3.1 Armour
 + Level 2.2 Dodging


You had 3 spell levels left.
You didn't know any spells.
Your spell library was empty.

Dungeon Overview and Level Annotations

Branches:
Dungeon (3/15)

Altars:


Innate Abilities, Weirdness & Mutations

You are resistant to torment.
Your stone body is resilient. (AC +3)
You are immune to poison.
You resist negative energy. (rN+)
You are resistant to electric shocks. (rElec)
You can survive without breathing.
You are immune to petrification.
You are immune to rotting.


Message History

A red film seems to cover your vision as you go berserk!
You feel yourself moving faster!
You feel mighty!
You are feeling hungry.
The orc barely misses you.
The orc priest invokes the aid of Beogh against you.
Beogh smites you!
You closely miss the orc priest.
The orc priest is lightly wounded.
You barely miss the orc. The orc priest closely misses you.
You slash the orc priest!
The orc priest is almost dead.
You slash the orc!
You kill the orc!
Trog accepts your kill.
You barely miss the orc priest.
The orc priest is almost dead.
You closely miss something.
The orc priest calls down the wrath of Beogh upon you.
Beogh smites you!
You die...

.. .# .
.# .. .#
..#
.##+##..
.....
#{o#
##@####.#
#)......#
#.#######
#.# #.#
#.#
####.#
#<...#
####.#


You could see an orc priest.

Vanquished Creatures
  3 adders (D:2)
  4 worms (D:2)
  3 dart slugs
  A leopard gecko (D:2)
  3 orcs (D:3)
  A giant cockroach (D:1)
  5 hobgoblins
  4 kobolds
  A quokka (D:2)
  A ball python (D:1)
  6 bats (D:2)
  3 frilled lizards
  3 goblins
  2 rats
40 creatures vanquished.

Notes
Turn   | Place    | Note
-------+----------+-------------------------------------------
     0 | D:1      | Fang the Gargoyle Berserker began the quest for the Orb.
     0 | D:1      | Reached XP level 1. HP: 14/14 MP: 1/1
   355 | D:1      | Reached XP level 2. HP: 18/19 MP: 2/2
   837 | D:2      | Reached XP level 3. HP: 23/23 MP: 3/3
   892 | D:2      | Reached ** piety under Trog
  1416 | D:2      | Reached XP level 4. HP: 13/29 MP: 4/4
  1742 | D:2      | Reached skill level 4 in Fighting
  1827 | D:2      | Found a faded altar of an unknown god.
  1957 | D:3      | Killed from afar by an orc priest

Levels and vault maps discovered:
D:1:      dpeg_arrival_lava_altar, layout_basic, dk_noncrumbling_3
D:2:      layout_rooms, chequers_ecumenical_altar_lobes, minmay_pentomino_t2
D:3:      layout_basic, gammafunk_temple_overflow_claw, vehumet_crystals,
          first_ration, uniq_grinder

Skill      XL: |  1  2  3  4 |
---------------+-------------+-----
Axes           | 3 |  3.2
Dodging        | 2 |  2.2
Armour         | 3 |  3.1
Fighting       | 4 |  4.0

Action                   |  1- 3 |  4- 6 || total
-------------------------+-------+-------++-------
Melee: Hand axe          |   133 |    27 ||   160
Invok: Berserk           |     3 |     1 ||     4
       Trog's Hand       |       |     1 ||     1
  Eat: Chunk             |     3 |     3 ||     6
Armor: Animal skin       |    55 |     6 ||    61
Dodge: Dodged            |    99 |    17 ||   116
